Map: 2000 Atmospheres LE

Players

Pfoe

  • Race: Terran Terran

A.I. 1 (Very Easy) - Winner!

  • Race: Protoss Protoss

VOD

Have the link to the VOD?

Description

Time

  • Played on: Aug. 10, 2021, 8:56 p.m.
  • Length: 8:12
Show
View Real Time Build Order
Export as new Build Order

Pfoe Terran 

Build Orders: Reaper Expand 

Get SALT Encoding   

  12  0:00  SCV  
  13  0:12  SCV  
  14  0:17  Supply Depot  
  14  0:24  SCV  
  15  0:38  SCV  
  15  0:40  Barracks  
  16  0:43  Refinery  
  16  0:50  SCV  
  17  1:03  SCV  
  18  1:15  SCV  
  19  1:27  Reaper, Orbital Command  
  20  1:40  Command Center  
  20  1:51  Supply Depot  
  20  1:53  SCV  
  21  1:59  Marine  
  22  2:05  SCV  
  22  2:08  Factory  
  23  2:17  SCV  
  23  2:19  Bunker  
  23  2:20  Barracks Reactor  
  24  2:24  Refinery  
  24  2:29  SCV  
  25  2:41  SCV  
  26  2:52  Orbital Command  
  26  2:53  Starport, SCV  
  26  2:57  Marine x2  
  29  2:59  Widow Mine  
  31  3:05  SCV  
  32  3:14  Marine x2  
  32  3:17  SCV  
  32  3:18  SCV  
  36  3:20  Widow Mine  
  36  3:22  Supply Depot  
  38  3:29  SCV  
  38  3:30  Medivac, SCV  
  38  3:33  Supply Depot, Marine  
  43  3:36  Marine  
  44  3:41  SCV  
  44  3:42  SCV  
  44  3:43  Refinery  
  44  3:46  Factory Tech Lab  
  46  3:51  Marine  
  46  3:53  SCV  
  46  3:54  Marine, SCV  
  50  4:00  Starport Tech Lab  
  50  4:05  SCV  
  50  4:06  SCV  
  50  4:07  Siege Tank  
  55  4:11  Supply Depot  
  55  4:17  Barracks  
  55  4:18  SCV x2  
  55  4:19  Barracks  
  55  4:23  Raven  
  59  4:30  SCV x2  
  59  4:31  Engineering Bay  
  61  4:40  Siege Tank  
  61  4:42  Refinery, SCV x2  
  61  4:44  Supply Depot  
  66  4:48  Marine x2  
  68  4:54  SCV  
  68  4:55  SCV  
  68  4:57  Terran Infantry Weapons Level 1  
  68  4:59  Supply Depot  
  70  5:04  Supply Depot, Barracks Tech Lab  
  70  5:09  SCV x2  
  70  5:13  Stimpack  
  70  5:14  Marine x3  
  72  5:19  Siege Tank  
  72  5:21  SCV x2  
  79  5:23  Starport Reactor  
  79  5:25  Marine  
  79  5:28  Supply Depot  
  81  5:30  Combat Shield  
  81  5:33  Supply Depot  
  81  5:37  Marine x2  
  84  5:48  Marauder  
  84  5:49  Marauder  
  87  5:52  Siege Tank  
  87  5:54  Supply Depot, Marine x2  
  87  5:56  Supply Depot  
  92  6:07  Medivac x2  
  92  6:11  Marauder x2  
  100  6:12  Marine x2  
  100  6:13  Command Center  
  102  6:27  Barracks  
  102  6:29  Barracks  
  102  6:31  Marine  
  102  6:32  Marine  
  104  6:34  Factory Reactor  
  104  6:42  Medivac x2, Marauder x2  
  112  6:47  Supply Depot  
  112  6:49  Supply Depot  
  112  6:57  Marine x2  
  112  6:59  SCV x2  
  116  7:03  Supply Depot  
  116  7:04  Supply Depot  
  116  7:07  Marauder  
  116  7:08  Marauder  
  120  7:18  Factory Reactor  
  120  7:20  Marine x2  
  122  7:23  SCV  
  122  7:26  Marauder, Orbital Command  
  122  7:27  SCV  
  122  7:29  Engineering Bay  
  126  7:31  Supply Depot, Armory, Marauder x2  
  130  7:37  Marine x2  
  130  7:40  SCV x2  
  130  7:41  Orbital Command  
  130  7:42  Medivac x2  
  138  7:52  SCV x2  
Show
View Real Time Build Order
Export as new Build Order

A.I. 1 (Very Easy) Protoss - Winner!

Build Orders:  

Get SALT Encoding   

  12  0:00  Probe  
  13  0:13  Probe  
  14  0:19  Pylon  
  14  0:36  Assimilator  
  14  0:42  Gateway  
  14  0:45  Pylon  
  14  1:17  Assimilator  
  14  1:22  Zealot  
  14  1:23  Probe  
  14  1:31  Probe  
  17  1:33  Cybernetics Core  
  18  1:41  Probe  
  19  1:53  Probe  
  20  1:59  Warp Gate  
  20  2:02  Probe  
  21  2:10  Probe  
  22  2:46  Stalker  
  24  7:23  Probe  
  24  7:29  Adept  
  27  7:30  Pylon  
  27  7:31  Probe  
  27  7:32  Robotics Facility  
  27  7:33  Nexus  
  28  7:40  Probe  
Tags
 
Add a new tag
Caveats
  • Supply blocks, unpowered buildings, or Contaminate may cause inaccurate times.
  • Supply counts are checked every 10 seconds.